WCHLSIM.com - West Coast Hockey League
html PUBLIC "-//W3C//DTD XHTML 1.0 Transitional//EN" "http://www.w3.org/TR/xhtml1/DTD/xhtml1-transitional.dtd"> WCHL - Game 358 - SEATTLE GRUNGE vs REGINA FALCONS

SEATTLE GRUNGE vs REGINA FALCONS

Created - 3 janvier 2021 at 20:52

Goals
1 2 3 OT1 T
SEATTLE GRUNGE 1 0 1 0 2
REGINA FALCONS 0 2 0 1 3
Shots
1 2 3 OT1 T
SEATTLE GRUNGE 11 3 11 0 25
REGINA FALCONS 4 11 3 2 20

1st period

1. SEATTLE GRUNGE , Marcus Sorensen 2 (Slater Koekkoek 4, Carl Hagelin 5) at 1:53

Penalties :
Corey Perry (REG) for Roughing (Minor) at 9:51, Brent Burns (REG) for Hooking (Minor) at 12:10, Ryan Reaves (SEA) for Tripping (Minor) at 16:31

2nd period

2. REGINA FALCONS , Max Pacioretty 9 (Jonathan Miller 20, David Pastrnak 19) at 13:58
3. REGINA FALCONS , Jonathan Audy-Marchessault 10 (Ryan Getzlaf 24) at 19:23 (PP)

Penalties :
Brandon Carlo (REG) for Hooking (Minor) at 4:28, Matthew Grzelcyk (SEA) for Roughing (Minor) at 11:07, Matthew Grzelcyk (SEA) for Delaying the game (Minor) at 17:32

3rd period

4. SEATTLE GRUNGE , Josh Bailey 6 (Mike Hoffman 10, David Savard 3) at 1:53 (PP)

Penalties :
Brent Burns (REG) for Hooking (Minor) at 0:22, Travis Sanheim (SEA) for Hooking (Minor) at 3:54, Roman Josi (SEA) for Tripping (Minor) at 8:12, Slater Koekkoek (SEA) for Hooking (Minor) at 12:10, Matt Martin (REG) for Hooking (Minor) at 15:08, David Savard (SEA) for Tripping (Minor) at 19:38

Overtime #1

5. REGINA FALCONS , Brent Burns 4 (Max Pacioretty 13, Jonathan Miller 21) at 1:56

Penalties :
No Penalty

Goalie Stats

Semyon Varlamov (SEA), 17 saves from 20 shots - (0,850), OTL, 8-9-3, 61:57 minutes
Tristan Jarry (REG), 23 saves from 25 shots - (0,920), W, 9-4-2, 61:57 minutes

Players Stats for SEATTLE GRUNGE

Player Name              G  A  P  +/- PIM S  H  SB GA TA FO     MP     PP MP  PK MP  
------------------------------------------------------------------------------------
Carl Hagelin             0  1  1   1  0   0  0  1  0  0  0/0    10:09   0:00   1:00 
Chris Tierney            0  0  0   0  0   3  0  1  0  0  10/18  16:16   4:09   0:43 
Damon Severson           0  0  0  -1  0   2  1  0  0  0  0/0    24:32   4:41   6:03 
David Savard             0  1  1   0  2   1  0  1  0  0  0/0    23:47   4:46   7:00 
Jason Spezza             0  0  0   0  0   1  0  1  0  0  5/9     9:52   0:00   5:00 
Josh Bailey              1  0  1   0  0   7  0  0  0  0  0/2    22:32   4:39   6:29 
Marcus Sorensen          1  0  1   1  0   1  0  0  0  0  0/0     9:09   0:00   0:00 
Matthew Grzelcyk         0  0  0   1  4   0  0  2  0  0  0/0    13:39   0:00   1:05 
Mike Hoffman             0  1  1  -2  0   1  1  0  0  0  1/2    18:38   5:18   0:00 
Morgan Geekie            0  0  0   1  0   2  2  0  0  0  8/18   16:34   0:00   7:25 
Roman Josi               0  0  0  -1  2   4  0  1  0  0  0/0    24:18   4:46   6:28 
Ryan Reaves              0  0  0   0  2   0  1  0  0  0  0/0     4:51   0:00   0:00 
Slater Koekkoek          0  1  1   1  2   0  1  0  0  0  0/0    14:55   0:00   2:20 
Travis Sanheim           0  0  0  -1  2   0  1  1  0  0  0/0    22:18   4:41   4:34 
Trevor Lewis             0  0  0   0  0   0  0  0  0  0  0/1     5:07   0:00   0:15 
Tyler Seguin             0  0  0  -2  0   2  0  0  0  0  15/24  18:38   5:18   0:00 
Vladislav Namestnikov    0  0  0  -1  0   1  3  1  0  0  0/2    22:49   4:48   5:00 
Wayne Simmonds           0  0  0   0  0   0  4  0  0  0  1/1    15:33   4:09   0:00 

Players Stats for REGINA FALCONS

Player Name              G  A  P  +/- PIM S  H  SB GA TA FO     MP     PP MP  PK MP  
------------------------------------------------------------------------------------
Anton Stralman           0  0  0   1  0   0  2  1  0  0  0/0    18:46   0:00   4:59 
Brandon Carlo            0  0  0   1  2   0  0  1  0  0  0/0    24:27   6:14   3:47 
Brenden Dillon           0  0  0  -1  0   0  1  0  0  0  0/0    15:13   0:00   4:28 
Brent Burns              1  0  1   1  4   3  1  1  0  0  0/0    21:42   5:53   0:00 
Corey Perry              0  0  0  -1  2   1  2  0  0  0  0/0     8:24   0:00   0:00 
David Pastrnak           0  1  1   1  0   4  1  1  0  0  0/1    21:34   6:13   0:00 
Denis Malgin             0  0  0   0  0   0  1  0  0  0  3/11    8:53   0:00   5:12 
Derick Brassard          0  0  0   0  0   0  0  0  0  0  0/0    17:41   5:50   0:00 
Erik Gustafsson          0  0  0   0  0   0  0  0  0  0  0/0     6:14   6:14   0:00 
Filip Zadina             0  0  0  -1  0   0  0  0  0  0  0/0    12:30   0:00   4:05 
Ivan Provorov            0  0  0   0  0   1  2  2  0  0  0/0    21:57   5:53   1:12 
Jonathan Audy-Marchessau 1  0  1   0  0   1  2  0  0  0  1/1    19:12   5:54   1:27 
Jonathan Miller          0  2  2   2  0   4  3  0  0  0  11/28  21:47   6:13   0:00 
Marc-Edouard Vlasic      0  0  0  -1  0   0  0  2  0  0  0/0    15:13   0:00   4:28 
Matt Martin              0  0  0   0  2   1  2  0  0  0  0/0     7:35   0:00   3:55 
Max Pacioretty           1  1  2   2  0   2  1  0  0  0  1/1    21:47   6:13   0:00 
Mikael Backlund          0  0  0  -1  0   1  0  0  0  0  8/15   12:28   0:04   0:18 
Ryan Getzlaf             0  1  1   0  0   2  1  0  0  0  13/20  22:34   5:54   3:57 

3 Stars

1 - Max Pacioretty (REG)
2 - Jonathan Miller (REG)
3 - Jonathan Audy-Marchessault (REG)

Power Play

SEATTLE GRUNGE - 1 on 5 Attempt(s) - 20,00%
REGINA FALCONS - 1 on 7 Attempt(s) - 14,29%

Penalty Kill

SEATTLE GRUNGE - 6 on 7 Attempt(s) - 85,71% - Score 0 goal in Penalty Kill
REGINA FALCONS - 4 on 5 Attempt(s) - 80,00% - Score 0 goal in Penalty Kill

Team Stat

SEATTLE GRUNGE - Hits : 14 - Faceoff Wins : 40 - Blocked Shots : 9 - Penalty Minutes : 14
REGINA FALCONS - Hits : 19 - Faceoff Wins : 37 - Blocked Shots : 8 - Penalty Minutes : 10

Official

Referees : Steve Kozari and Trevor Hanson
Linesman : Derek Amell and Matt MacPherson

Game Notes

No Game Note

Finance

Level 1 -- Attendance: 3755 (62,58%) -- Ticket Income 938 750 $
Level 2 -- Attendance: 2573 (51,46%) -- Ticket Income 514 600 $
Level 3 -- Attendance: 1310 (65,50%) -- Ticket Income 196 500 $
Level 4 -- Attendance: 2666 (66,65%) -- Ticket Income 266 600 $
Luxury Box -- Attendance: 1000 (100,00%) -- Ticket Income 220 000 $
Game was played at the Larouche Arena.
Total Attendance: 11304 (62,80%)
Total Ticket Income: 2 136 450 $
Other Income: 747 758 $
Total Income: 2 884 208 $

SEATTLE GRUNGE

5 vs 5 Forward 
   Center                   Left Wing                Right Wing               Time % Phy DF OF 
 1 Tyler Seguin             Vladislav Namestnikov    Mike Hoffman             37     1   2  2  
 2 Chris Tierney            Josh Bailey              Wayne Simmonds           34     1   2  2  
 3 Morgan Geekie            Carl Hagelin             Marcus Sorensen          23     1   2  2  
 4 Jason Spezza             Trevor Lewis             Ryan Reaves              6      1   2  2  

5 vs 5 Defense 
   Defense                  Defense                                           Time % Phy DF OF 
 1 Roman Josi               David Savard                                      40     1   2  2  
 2 Damon Severson           Travis Sanheim                                    39     1   2  2  
 3 Matthew Grzelcyk         Slater Koekkoek                                   21     1   2  2  
 4 Roman Josi               Damon Severson                                    0      1   2  2  

PowerPlay Forward 
   Center                   Left Wing                Right Wing               Time % Phy DF OF 
 1 Tyler Seguin             Mike Hoffman             Josh Bailey              55     1   2  2  
 2 Chris Tierney            Vladislav Namestnikov    Wayne Simmonds           45     1   2  2  

PowerPlay Defense
   Defense                  Defense                                           Time % Phy DF OF 
 1 Roman Josi               David Savard                                      55     1   2  2  
 2 Damon Severson           Travis Sanheim                                    45     1   2  2  

Penalty Kill 4 Players Forward 
   Center                   Wing                     Time % Phy DF OF 
 1 Morgan Geekie            Josh Bailey              55     1   4  0  
 2 Jason Spezza             Vladislav Namestnikov    45     1   4  0  

Penalty Kill 4 Players Defense
   Defense                  Defense                  Time % Phy DF OF 
 1 Roman Josi               David Savard             55     1   3  1  
 2 Damon Severson           Travis Sanheim           45     1   3  1  

Penalty Kill - 3 Players Forward 
   Forward                                           Time % Phy DF OF 
 1 Chris Tierney                                     55     0   5  0  
 2 Morgan Geekie                                     45     0   5  0  

Penalty Kill - 3 Players Defense
   Defense                  Defense                  Time % Phy DF OF 
 1 Roman Josi               Damon Severson           55     1   4  0  
 2 David Savard             Travis Sanheim           45     1   4  0  

4 vs 4 Forward 
   Center                   Wing                     Time % Phy DF OF 
 1 Tyler Seguin             Mike Hoffman             55     1   2  2  
 2 Chris Tierney            Josh Bailey              45     1   2  2  

4 vs 4 Defense
   Defense                  Defense                  Time % Phy DF OF 
 1 Roman Josi               David Savard             55     1   2  2  
 2 Damon Severson           Travis Sanheim           45     1   2  2  

Last Minutes Offensive
   Center                   Left Wing                Right Wing               Defense                  Defense                  
   Tyler Seguin             Josh Bailey              Mike Hoffman             Roman Josi               Damon Severson           

Last Minutes Defensive
   Center                   Left Wing                Right Wing               Defense                  Defense                  
   Chris Tierney            Vladislav Namestnikov    Josh Bailey              Roman Josi               Damon Severson           

Goaltenders
Starting : Semyon Varlamov          
Backup : Jimmy Howard             

Extra Forwards
Normal : Tyler Seguin, Vladislav Namestnikov, Mike Hoffman - PP : Tyler Seguin, Vladislav Namestnikov - PK : Carl Hagelin
Extra Defensemen
Normal : Matthew Grzelcyk, Slater Koekkoek, Damon Severson - PP : Matthew Grzelcyk - PK : Slater Koekkoek, Damon Severson
Penalty Shots
Tyler Seguin, Mike Hoffman, Josh Bailey, Chris Tierney, Roman Josi
Custom OT Lines Forwards
Mike Hoffman, Tyler Seguin, Josh Bailey, Vladislav Namestnikov, Wayne Simmonds, Chris Tierney, Morgan Geekie, Marcus Sorensen, Carl Hagelin, Jason Spezza
Custom OT Lines Defensemen
Roman Josi, David Savard, Damon Severson, Travis Sanheim, Matthew Grzelcyk

Scratches
Brian Boyle (Sprained Right Ankle Injury), Jake Guentzel (Lacerated Left Calf Injury)

REGINA FALCONS

5 vs 5 Forward 
   Center                   Left Wing                Right Wing               Time % Phy DF OF 
 1 Jonathan Miller          Max Pacioretty           David Pastrnak           36     0   1  4  
 2 Ryan Getzlaf             Jonathan Audy-MarchessaulDerick Brassard          34     0   1  4  
 3 Mikael Backlund          Filip Zadina             Corey Perry              24     0   3  2  
 4 Mikael Backlund          Matt Martin              Denis Malgin             6      0   3  2  

5 vs 5 Defense 
   Defense                  Defense                                           Time % Phy DF OF 
 1 Brent Burns              Ivan Provorov                                     38     0   3  2  
 2 Brandon Carlo            Anton Stralman                                    34     0   4  1  
 3 Brenden Dillon           Marc-Edouard Vlasic                               18     0   4  1  
 4 Brenden Dillon           Marc-Edouard Vlasic                               10     0   4  1  

PowerPlay Forward 
   Center                   Left Wing                Right Wing               Time % Phy DF OF 
 1 Jonathan Miller          Max Pacioretty           David Pastrnak           55     0   0  5  
 2 Ryan Getzlaf             Jonathan Audy-MarchessaulDerick Brassard          45     0   0  5  

PowerPlay Defense
   Defense                  Defense                                           Time % Phy DF OF 
 1 Brent Burns              Ivan Provorov                                     55     0   1  4  
 2 Brandon Carlo            Erik Gustafsson                                   45     0   1  4  

Penalty Kill 4 Players Forward 
   Center                   Wing                     Time % Phy DF OF 
 1 Denis Malgin             Matt Martin              55     1   4  0  
 2 Ryan Getzlaf             Filip Zadina             45     1   4  0  

Penalty Kill 4 Players Defense
   Defense                  Defense                  Time % Phy DF OF 
 1 Marc-Edouard Vlasic      Brenden Dillon           55     0   5  0  
 2 Brandon Carlo            Anton Stralman           45     0   5  0  

Penalty Kill - 3 Players Forward 
   Forward                                           Time % Phy DF OF 
 1 Denis Malgin                                      55     0   5  0  
 2 Jonathan Miller                                   45     0   5  0  

Penalty Kill - 3 Players Defense
   Defense                  Defense                  Time % Phy DF OF 
 1 Marc-Edouard Vlasic      Brenden Dillon           55     0   5  0  
 2 Brent Burns              Ivan Provorov            45     0   5  0  

4 vs 4 Forward 
   Center                   Wing                     Time % Phy DF OF 
 1 Jonathan Miller          Max Pacioretty           55     0   1  4  
 2 Ryan Getzlaf             David Pastrnak           45     0   1  4  

4 vs 4 Defense
   Defense                  Defense                  Time % Phy DF OF 
 1 Brent Burns              Ivan Provorov            55     0   4  1  
 2 Brandon Carlo            Anton Stralman           45     0   4  1  

Last Minutes Offensive
   Center                   Left Wing                Right Wing               Defense                  Defense                  
   Jonathan Miller          Max Pacioretty           David Pastrnak           Brent Burns              Ivan Provorov            

Last Minutes Defensive
   Center                   Left Wing                Right Wing               Defense                  Defense                  
   Ryan Getzlaf             Jonathan Miller          David Pastrnak           Brandon Carlo            Anton Stralman           

Goaltenders
Starting : Tristan Jarry            
Backup : Anton Khudobin           

Extra Forwards
Normal : Jonathan Audy-Marchessault, Jonathan Miller, Mikael Backlund - PP : Jonathan Audy-Marchessault, Mikael Backlund - PK : Matt Martin
Extra Defensemen
Normal : Brandon Carlo, Brent Burns, Ivan Provorov - PP : Brent Burns - PK : Marc-Edouard Vlasic, Anton Stralman
Penalty Shots
Jonathan Miller, David Pastrnak, Max Pacioretty, Jonathan Audy-Marchessault, Mikael Backlund
Custom OT Lines Forwards
Jonathan Miller, Ryan Getzlaf, David Pastrnak, Max Pacioretty, Mikael Backlund, Derick Brassard, Jonathan Audy-Marchessault, Corey Perry, Matt Martin, Denis Malgin
Custom OT Lines Defensemen
Brent Burns, Ivan Provorov, Anton Stralman, Brandon Carlo, Marc-Edouard Vlasic

Scratches
None


% Time on Ice - SEATTLE GRUNGE

Lines # - Real PCT - Wanted PCT - Time Play
Normal Forward
1 - 34% - 37% - 13:01
2 - 30% - 34% - 11:24
3 - 24% - 23% - 9:09
4 - 13% - 6% - 4:52
Normal Defense
1 - 31% - 40% - 12:02
2 - 34% - 39% - 13:04
3 - 33% - 21% - 12:36
4 - 2% - 0% - 0:44
PP Forward
1 - 56% - 55% - 5:18
2 - 44% - 45% - 4:09
PP Defense
1 - 50% - 55% - 4:46
2 - 50% - 45% - 4:41
PK Forward
1 - 59% - 55% - 7:07
2 - 41% - 45% - 5:00
PK Defense
1 - 64% - 55% - 7:44
2 - 36% - 45% - 4:23
PK3 Forward
1 - 44% - 55% - 0:43
2 - 56% - 45% - 0:55
PK3 Defense
1 - 44% - 55% - 0:43
2 - 56% - 45% - 0:55
44 Forward
1 - 0% - 55%
2 - 0% - 45%
44 Defense
1 - 0% - 55%
2 - 0% - 45%
Last Minute Offensive  - 0:00
Last Minute Defensive  - 0:00
Total
Forward - 61:38
Defense - 61:38

% Time on Ice - REGINA FALCONS

Lines # - Real PCT - Wanted PCT - Time Play
Normal Forward
1 - 38% - 36% - 14:29
2 - 31% - 34% - 11:51
3 - 22% - 24% - 8:25
4 - 10% - 6% - 3:41
Normal Defense
1 - 38% - 38% - 14:46
2 - 34% - 34% - 12:55
3 - 20% - 18% - 7:35
4 - 8% - 10% - 3:10
PP Forward
1 - 51% - 55% - 6:13
2 - 49% - 45% - 5:54
PP Defense
1 - 49% - 55% - 5:53
2 - 51% - 45% - 6:14
PK Forward
1 - 55% - 55% - 5:12
2 - 45% - 45% - 4:15
PK Defense
1 - 47% - 55% - 4:28
2 - 53% - 45% - 4:59
PK3 Forward
1 - 0% - 55%
2 - 0% - 45%
PK3 Defense
1 - 0% - 55%
2 - 0% - 45%
44 Forward
1 - 47% - 55% - 0:46
2 - 53% - 45% - 0:52
44 Defense
1 - 47% - 55% - 0:46
2 - 53% - 45% - 0:52
Last Minute Offensive  - 0:00
Last Minute Defensive  - 0:00
Total
Forward - 61:38
Defense - 61:38

Play-by-Play

1st period


0:01 of 1st period - Tyler Seguin wins face-off versus Jonathan Miller in neutral zone.
0:08 of 1st period - Shot by Tyler Seguin.
0:08 of 1st period - Stopped by Tristan Jarry with a rebound.
0:41 of 1st period - Shot by Max Pacioretty.
0:41 of 1st period - Deflect By David Pastrnak.
0:41 of 1st period - Stopped by Semyon Varlamov without a rebound.
0:42 of 1st period - Chris Tierney wins face-off versus Ryan Getzlaf in SEATTLE GRUNGE zone.
0:47 of 1st period - Ryan Getzlaf is hit by Wayne Simmonds and loses puck.
1:10 of 1st period - Shot by Josh Bailey.
1:10 of 1st period - Stopped by Tristan Jarry with a rebound.
1:20 of 1st period - Shot by Josh Bailey.
1:20 of 1st period - Stopped by Tristan Jarry with a rebound.
1:22 of 1st period - Shot by Josh Bailey.
1:22 of 1st period - Shot Misses the Net.
1:24 of 1st period - Shot by Damon Severson.
1:24 of 1st period - Stopped by Tristan Jarry without a rebound.
1:25 of 1st period - Mikael Backlund wins face-off versus Morgan Geekie in REGINA FALCONS zone.
1:25 of 1st period - Mikael Backlund is hit by Morgan Geekie.
1:49 of 1st period - Shot by Marcus Sorensen.
1:49 of 1st period - Shot Blocked by Marc-Edouard Vlasic.
1:51 of 1st period - Shot by Slater Koekkoek.
1:51 of 1st period - Shot Misses the Net.
1:53 of 1st period - Shot by Marcus Sorensen.
1:53 of 1st period - Goal by Marcus Sorensen - SEATTLE GRUNGE : 1 - REGINA FALCONS : 0.
1:54 of 1st period - Jason Spezza wins face-off versus Jonathan Miller in neutral zone.
2:12 of 1st period - Shot by David Pastrnak.
2:12 of 1st period - Shot Misses the Net.
2:39 of 1st period - Shot by Max Pacioretty.
2:39 of 1st period - Shot Blocked by Roman Josi.
2:41 of 1st period - Shot by Brent Burns.
2:41 of 1st period - Shot Misses the Net.
3:12 of 1st period - Shot by Jonathan Audy-Marchessault.
3:12 of 1st period - Shot Misses the Net.
3:53 of 1st period - Icing by Travis Sanheim.
3:54 of 1st period - Tyler Seguin wins face-off versus Mikael Backlund in SEATTLE GRUNGE zone.
3:54 of 1st period - Tyler Seguin is hit by Matt Martin.
4:53 of 1st period - Shot by Max Pacioretty.
4:53 of 1st period - Shot Blocked by Chris Tierney.
6:25 of 1st period - Shot by Roman Josi.
6:25 of 1st period - Shot Misses the Net.
6:37 of 1st period - Shot by Tyler Seguin.
6:37 of 1st period - Stopped by Tristan Jarry without a rebound.
6:38 of 1st period - Chris Tierney wins face-off versus Mikael Backlund in REGINA FALCONS zone.
6:39 of 1st period - Shot by Wayne Simmonds.
6:39 of 1st period - Shot Misses the Net.
7:06 of 1st period - Mikael Backlund is hit by Slater Koekkoek and loses puck.
7:21 of 1st period - Slater Koekkoek is hit by Corey Perry and loses puck.
7:55 of 1st period - Off-side.
7:56 of 1st period - Mikael Backlund wins face-off versus Tyler Seguin in neutral zone.
8:17 of 1st period - Icing by Damon Severson.
8:18 of 1st period - Tyler Seguin wins face-off versus Ryan Getzlaf in SEATTLE GRUNGE zone.
8:23 of 1st period - Marc-Edouard Vlasic is hit by Vladislav Namestnikov and loses puck.
9:51 of 1st period - Minor Penalty to Corey Perry for Roughing.
9:52 of 1st period - Denis Malgin wins face-off versus Josh Bailey in REGINA FALCONS zone.
10:04 of 1st period - Icing by Travis Sanheim.
10:05 of 1st period - Tyler Seguin wins face-off versus Denis Malgin in SEATTLE GRUNGE zone.
10:07 of 1st period - Icing by Mike Hoffman.
10:08 of 1st period - Tyler Seguin wins face-off versus Denis Malgin in SEATTLE GRUNGE zone.
11:18 of 1st period - Shot by Roman Josi.
11:18 of 1st period - Shot Blocked by Anton Stralman.
11:20 of 1st period - Shot by Chris Tierney.
11:20 of 1st period - Shot Misses the Net.
11:59 of 1st period - Carl Hagelin is hit by Brent Burns and loses puck.
12:10 of 1st period - Minor Penalty to Brent Burns for Hooking.
12:11 of 1st period - Denis Malgin wins face-off versus Mike Hoffman in REGINA FALCONS zone.
13:10 of 1st period - Shot by Wayne Simmonds.
13:10 of 1st period - Shot Misses the Net.
13:18 of 1st period - Shot by Chris Tierney.
13:18 of 1st period - Stopped by Tristan Jarry without a rebound.
13:19 of 1st period - Denis Malgin wins face-off versus Tyler Seguin in REGINA FALCONS zone.
13:26 of 1st period - Tyler Seguin is hit by Denis Malgin and loses puck.
13:37 of 1st period - Shot by Roman Josi.
13:37 of 1st period - Stopped by Tristan Jarry without a rebound.
13:38 of 1st period - Ryan Getzlaf wins face-off versus Chris Tierney in REGINA FALCONS zone.
14:02 of 1st period - Shot by Vladislav Namestnikov.
14:02 of 1st period - Deflect By Chris Tierney.
14:02 of 1st period - Stopped by Tristan Jarry without a rebound.
14:03 of 1st period - Tyler Seguin wins face-off versus Denis Malgin in REGINA FALCONS zone.
14:16 of 1st period - Shot by David Pastrnak.
14:16 of 1st period - Shot Misses the Net.
14:18 of 1st period - Shot by Ivan Provorov.
14:18 of 1st period - Stopped by Semyon Varlamov without a rebound.
14:19 of 1st period - Morgan Geekie wins face-off versus Jonathan Miller in SEATTLE GRUNGE zone.
14:30 of 1st period - Shot by Morgan Geekie.
14:30 of 1st period - Stopped by Tristan Jarry without a rebound.
14:31 of 1st period - Tyler Seguin wins face-off versus Mikael Backlund in REGINA FALCONS zone.
14:32 of 1st period - Shot by Roman Josi.
14:32 of 1st period - Shot Blocked by Brent Burns.
14:34 of 1st period - Shot by David Savard.
14:34 of 1st period - Shot Misses the Net.
16:29 of 1st period - Icing by Anton Stralman.
16:30 of 1st period - Ryan Getzlaf wins face-off versus Trevor Lewis in REGINA FALCONS zone.
16:30 of 1st period - Ryan Getzlaf is hit by Ryan Reaves.
16:31 of 1st period - Minor Penalty to Ryan Reaves for Tripping.
16:32 of 1st period - Morgan Geekie wins face-off versus Jonathan Miller in SEATTLE GRUNGE zone.
17:08 of 1st period - Shot by Max Pacioretty.
17:08 of 1st period - Shot Blocked by Jason Spezza.
17:10 of 1st period - Shot by Brent Burns.
17:10 of 1st period - Stopped by Semyon Varlamov without a rebound.
17:11 of 1st period - Morgan Geekie wins face-off versus Ryan Getzlaf in SEATTLE GRUNGE zone.
17:27 of 1st period - Icing by Brandon Carlo.
17:28 of 1st period - Ryan Getzlaf wins face-off versus Jason Spezza in REGINA FALCONS zone.
17:43 of 1st period - Roman Josi is hit by Jonathan Audy-Marchessault and loses puck.
18:02 of 1st period - Josh Bailey is hit by Jonathan Audy-Marchessault and loses puck.
18:15 of 1st period - Shot by Vladislav Namestnikov.
18:15 of 1st period - Shot Blocked by Brandon Carlo.
18:17 of 1st period - Shot by Vladislav Namestnikov.
18:17 of 1st period - Stopped by Tristan Jarry without a rebound.
18:18 of 1st period - Morgan Geekie wins face-off versus David Pastrnak in REGINA FALCONS zone.
18:21 of 1st period - Shot by Morgan Geekie.
18:21 of 1st period - Shot Misses the Net.
18:31 of 1st period - Shot by Jonathan Miller.
18:31 of 1st period - Shot Blocked by Matthew Grzelcyk.
18:37 of 1st period - Marc-Edouard Vlasic is hit by Vladislav Namestnikov and loses puck.
19:07 of 1st period - Shot by Mike Hoffman.
19:07 of 1st period - Shot Misses the Net.
19:45 of 1st period - Shot by David Pastrnak.
19:45 of 1st period - Stopped by Semyon Varlamov without a rebound.
19:46 of 1st period - Jonathan Miller wins face-off versus Chris Tierney in SEATTLE GRUNGE zone.
Goals for this period are 1 for SEATTLE GRUNGE vs 0 for REGINA FALCONS.
Shots for this period are 11 for SEATTLE GRUNGE vs 4 for REGINA FALCONS.

2nd period


0:01 of 2nd period - Jonathan Miller wins face-off versus Chris Tierney in neutral zone.
0:17 of 2nd period - Icing by Brandon Carlo.
0:18 of 2nd period - Jonathan Miller wins face-off versus Tyler Seguin in REGINA FALCONS zone.
0:34 of 2nd period - Icing by Vladislav Namestnikov.
0:35 of 2nd period - Jonathan Audy-Marchessault wins face-off versus Vladislav Namestnikov in SEATTLE GRUNGE zone.
0:48 of 2nd period - Jonathan Audy-Marchessault is hit by Vladislav Namestnikov and loses puck.
1:03 of 2nd period - Shot by Ryan Getzlaf.
1:03 of 2nd period - Stopped by Semyon Varlamov with a rebound.
1:13 of 2nd period - Shot by Ryan Getzlaf.
1:13 of 2nd period - Shot Misses the Net.
1:15 of 2nd period - Shot by Ivan Provorov.
1:15 of 2nd period - Shot Misses the Net.
1:17 of 2nd period - Shot by Ryan Getzlaf.
1:17 of 2nd period - Shot Misses the Net.
2:04 of 2nd period - Shot by Jonathan Miller.
2:04 of 2nd period - Stopped by Semyon Varlamov without a rebound.
2:05 of 2nd period - Mikael Backlund wins face-off versus Chris Tierney in SEATTLE GRUNGE zone.
2:22 of 2nd period - Shot by Corey Perry.
2:22 of 2nd period - Shot Misses the Net.
3:27 of 2nd period - Shot by Ryan Getzlaf.
3:27 of 2nd period - Stopped by Semyon Varlamov without a rebound.
3:28 of 2nd period - Jonathan Miller wins face-off versus Jason Spezza in SEATTLE GRUNGE zone.
3:42 of 2nd period - Icing by Jason Spezza.
3:43 of 2nd period - Mikael Backlund wins face-off versus Jason Spezza in SEATTLE GRUNGE zone.
3:44 of 2nd period - Shot by Matt Martin.
3:44 of 2nd period - Stopped by Semyon Varlamov without a rebound.
3:45 of 2nd period - Morgan Geekie wins face-off versus Jonathan Miller in SEATTLE GRUNGE zone.
3:45 of 2nd period - Morgan Geekie is hit by David Pastrnak.
4:00 of 2nd period - Morgan Geekie is hit by Anton Stralman and loses puck.
4:28 of 2nd period - Minor Penalty to Brandon Carlo for Hooking.
4:29 of 2nd period - Tyler Seguin wins face-off versus Denis Malgin in REGINA FALCONS zone.
5:01 of 2nd period - Shot by Roman Josi.
5:01 of 2nd period - Shot Blocked by Marc-Edouard Vlasic.
5:39 of 2nd period - Vladislav Namestnikov is hit by Ryan Getzlaf and loses puck.
5:49 of 2nd period - Shot by Damon Severson.
5:49 of 2nd period - Shot Blocked by Ivan Provorov.
5:51 of 2nd period - Shot by Damon Severson.
5:51 of 2nd period - Shot Misses the Net.
6:29 of 2nd period - Shot by Mike Hoffman.
6:29 of 2nd period - Deflect By Morgan Geekie.
6:29 of 2nd period - Shot Misses the Net.
7:05 of 2nd period - Shot by Jonathan Miller.
7:05 of 2nd period - Stopped by Semyon Varlamov with a rebound.
7:07 of 2nd period - Shot by Max Pacioretty.
7:07 of 2nd period - Deflect By David Pastrnak.
7:07 of 2nd period - Stopped by Semyon Varlamov without a rebound.
7:08 of 2nd period - Jason Spezza wins face-off versus Mikael Backlund in SEATTLE GRUNGE zone.
7:08 of 2nd period - Jason Spezza is hit by Brenden Dillon.
7:21 of 2nd period - Off-side.
7:22 of 2nd period - Wayne Simmonds wins face-off versus Ryan Getzlaf in neutral zone.
7:41 of 2nd period - Shot by Josh Bailey.
7:41 of 2nd period - Stopped by Tristan Jarry with a rebound.
8:23 of 2nd period - Icing by Josh Bailey.
8:24 of 2nd period - Chris Tierney wins face-off versus Mikael Backlund in SEATTLE GRUNGE zone.
8:39 of 2nd period - Vladislav Namestnikov is hit by Corey Perry and loses puck.
8:51 of 2nd period - Shot by Filip Zadina.
8:51 of 2nd period - Shot Misses the Net.
8:53 of 2nd period - Shot by Brandon Carlo.
8:53 of 2nd period - Shot Misses the Net.
9:20 of 2nd period - Icing by Travis Sanheim.
9:21 of 2nd period - Jonathan Miller wins face-off versus Tyler Seguin in SEATTLE GRUNGE zone.
9:52 of 2nd period - Icing by Damon Severson.
9:53 of 2nd period - Ryan Getzlaf wins face-off versus Tyler Seguin in SEATTLE GRUNGE zone.
9:56 of 2nd period - Shot by Jonathan Audy-Marchessault.
9:56 of 2nd period - Shot Misses the Net.
10:20 of 2nd period - Shot by Morgan Geekie.
10:20 of 2nd period - Shot Misses the Net.
10:44 of 2nd period - Shot by Morgan Geekie.
10:44 of 2nd period - Stopped by Tristan Jarry with a rebound.
10:46 of 2nd period - Shot by Roman Josi.
10:46 of 2nd period - Stopped by Tristan Jarry without a rebound.
10:47 of 2nd period - Chris Tierney wins face-off versus Jonathan Miller in REGINA FALCONS zone.
10:50 of 2nd period - Shot by Josh Bailey.
10:50 of 2nd period - Shot Blocked by David Pastrnak.
10:57 of 2nd period - Max Pacioretty is hit by Wayne Simmonds and loses puck.
11:07 of 2nd period - Minor Penalty to Matthew Grzelcyk for Roughing.
11:08 of 2nd period - Jonathan Miller wins face-off versus Morgan Geekie in SEATTLE GRUNGE zone.
12:01 of 2nd period - Roman Josi is hit by Jonathan Miller and loses puck.
12:22 of 2nd period - Shot by Ryan Getzlaf.
12:22 of 2nd period - Shot Blocked by Travis Sanheim.
12:29 of 2nd period - Icing by Brent Burns.
12:30 of 2nd period - Morgan Geekie wins face-off versus Ryan Getzlaf in REGINA FALCONS zone.
13:13 of 2nd period - Shot by Mikael Backlund.
13:13 of 2nd period - Shot Misses the Net.
13:35 of 2nd period - Shot by Corey Perry.
13:35 of 2nd period - Shot Misses the Net.
13:40 of 2nd period - Off-side.
13:41 of 2nd period - Jonathan Miller wins face-off versus Tyler Seguin in neutral zone.
13:50 of 2nd period - Shot by David Pastrnak.
13:50 of 2nd period - Shot Misses the Net.
13:56 of 2nd period - Shot by David Pastrnak.
13:56 of 2nd period - Shot Misses the Net.
13:58 of 2nd period - Shot by Jonathan Miller.
13:58 of 2nd period - Deflect By Max Pacioretty.
13:58 of 2nd period - Goal by Max Pacioretty - SEATTLE GRUNGE : 1 - REGINA FALCONS : 1.
13:59 of 2nd period - Chris Tierney wins face-off versus Mikael Backlund in neutral zone.
13:59 of 2nd period - Josh Bailey is hit by Matt Martin and loses puck.
14:04 of 2nd period - Denis Malgin is hit by Wayne Simmonds and loses puck.
14:33 of 2nd period - Denis Malgin is hit by Wayne Simmonds.
15:23 of 2nd period - Roman Josi is hit by Anton Stralman and loses puck.
15:32 of 2nd period - Icing by Mike Hoffman.
15:33 of 2nd period - Tyler Seguin wins face-off versus Jonathan Miller in SEATTLE GRUNGE zone.
15:33 of 2nd period - Tyler Seguin is hit by Jonathan Miller.
15:58 of 2nd period - Shot by David Pastrnak.
15:58 of 2nd period - Shot Blocked by David Savard.
16:02 of 2nd period - Shot by David Pastrnak.
16:02 of 2nd period - Shot Misses the Net.
16:04 of 2nd period - Shot by Jonathan Miller.
16:04 of 2nd period - Stopped by Semyon Varlamov without a rebound.
16:05 of 2nd period - Mikael Backlund wins face-off versus Morgan Geekie in SEATTLE GRUNGE zone.
16:09 of 2nd period - Icing by Damon Severson.
16:10 of 2nd period - Ryan Getzlaf wins face-off versus Morgan Geekie in SEATTLE GRUNGE zone.
16:20 of 2nd period - Ryan Getzlaf is hit by Damon Severson.
17:32 of 2nd period - Minor Penalty to Matthew Grzelcyk for Delaying the game.
17:33 of 2nd period - Jason Spezza wins face-off versus Jonathan Miller in SEATTLE GRUNGE zone.
19:17 of 2nd period - Shot by Jonathan Miller.
19:17 of 2nd period - Shot Blocked by Vladislav Namestnikov.
19:19 of 2nd period - Shot by Brent Burns.
19:19 of 2nd period - Stopped by Semyon Varlamov without a rebound.
19:20 of 2nd period - Ryan Getzlaf wins face-off versus Josh Bailey in SEATTLE GRUNGE zone.
19:23 of 2nd period - Shot by Jonathan Audy-Marchessault.
19:23 of 2nd period - Goal by Jonathan Audy-Marchessault - SEATTLE GRUNGE : 1 - REGINA FALCONS : 2.
19:24 of 2nd period - Mikael Backlund wins face-off versus Chris Tierney in neutral zone.
19:33 of 2nd period - Shot by Filip Zadina.
19:33 of 2nd period - Deflect By Mikael Backlund.
19:33 of 2nd period - Stopped by Semyon Varlamov without a rebound.
19:34 of 2nd period - Mikael Backlund wins face-off versus Chris Tierney in SEATTLE GRUNGE zone.
19:34 of 2nd period - Mikael Backlund is hit by Travis Sanheim.
Goals for this period are 0 for SEATTLE GRUNGE vs 2 for REGINA FALCONS.
Shots for this period are 3 for SEATTLE GRUNGE vs 11 for REGINA FALCONS.

3rd period


0:01 of 3rd period - Tyler Seguin wins face-off versus Jonathan Miller in neutral zone.
0:12 of 3rd period - Vladislav Namestnikov is hit by Jonathan Miller and loses puck.
0:20 of 3rd period - Tyler Seguin is hit by Ivan Provorov and loses puck.
0:22 of 3rd period - Minor Penalty to Brent Burns for Hooking.
0:23 of 3rd period - Chris Tierney wins face-off versus Denis Malgin in REGINA FALCONS zone.
1:53 of 3rd period - Shot by Josh Bailey.
1:53 of 3rd period - Goal by Josh Bailey - SEATTLE GRUNGE : 2 - REGINA FALCONS : 2.
1:54 of 3rd period - Morgan Geekie wins face-off versus Jonathan Miller in neutral zone.
1:59 of 3rd period - Carl Hagelin is hit by Max Pacioretty and loses puck.
2:10 of 3rd period - Shot by Max Pacioretty.
2:10 of 3rd period - Shot Blocked by Carl Hagelin.
2:12 of 3rd period - Shot by David Pastrnak.
2:12 of 3rd period - Stopped by Semyon Varlamov without a rebound.
2:13 of 3rd period - Jason Spezza wins face-off versus Ryan Getzlaf in SEATTLE GRUNGE zone.
2:39 of 3rd period - Shot by Ryan Reaves.
2:39 of 3rd period - Shot Misses the Net.
3:10 of 3rd period - Icing by David Savard.
3:11 of 3rd period - Chris Tierney wins face-off versus Jonathan Miller in SEATTLE GRUNGE zone.
3:24 of 3rd period - Shot by Roman Josi.
3:24 of 3rd period - Stopped by Tristan Jarry with a rebound.
3:27 of 3rd period - Icing by Anton Stralman.
3:28 of 3rd period - Tyler Seguin wins face-off versus Jonathan Miller in REGINA FALCONS zone.
3:31 of 3rd period - Shot by Mike Hoffman.
3:31 of 3rd period - Stopped by Tristan Jarry without a rebound.
3:32 of 3rd period - Jonathan Miller wins face-off versus Tyler Seguin in REGINA FALCONS zone.
3:32 of 3rd period - Jonathan Miller is hit by Mike Hoffman.
3:45 of 3rd period - Shot by Jonathan Miller.
3:45 of 3rd period - Stopped by Semyon Varlamov without a rebound.
3:46 of 3rd period - Mikael Backlund wins face-off versus Chris Tierney in SEATTLE GRUNGE zone.
3:54 of 3rd period - Minor Penalty to Travis Sanheim for Hooking.
3:55 of 3rd period - Jonathan Miller wins face-off versus Morgan Geekie in SEATTLE GRUNGE zone.
4:18 of 3rd period - Shot by Jonathan Miller.
4:18 of 3rd period - Deflect By David Pastrnak.
4:18 of 3rd period - Shot Misses the Net.
6:59 of 3rd period - Icing by Damon Severson.
7:00 of 3rd period - Tyler Seguin wins face-off versus Jonathan Miller in SEATTLE GRUNGE zone.
7:07 of 3rd period - Shot by Mike Hoffman.
7:07 of 3rd period - Shot Misses the Net.
7:09 of 3rd period - Shot by Tyler Seguin.
7:09 of 3rd period - Shot Misses the Net.
7:11 of 3rd period - Shot by Vladislav Namestnikov.
7:11 of 3rd period - Shot Blocked by Ivan Provorov.
8:12 of 3rd period - Minor Penalty to Roman Josi for Tripping.
8:13 of 3rd period - Morgan Geekie wins face-off versus Ryan Getzlaf in SEATTLE GRUNGE zone.
9:41 of 3rd period - Shot by Brent Burns.
9:41 of 3rd period - Shot Misses the Net.
10:10 of 3rd period - Icing by Brandon Carlo.
10:11 of 3rd period - Ryan Getzlaf wins face-off versus Vladislav Namestnikov in REGINA FALCONS zone.
10:22 of 3rd period - Shot by Mikael Backlund.
10:22 of 3rd period - Shot Misses the Net.
10:38 of 3rd period - Shot by Jason Spezza.
10:38 of 3rd period - Stopped by Tristan Jarry without a rebound.
10:39 of 3rd period - Ryan Getzlaf wins face-off versus Morgan Geekie in REGINA FALCONS zone.
11:12 of 3rd period - Off-side.
11:13 of 3rd period - Mike Hoffman wins face-off versus Jonathan Miller in neutral zone.
11:18 of 3rd period - Icing by Ivan Provorov.
11:19 of 3rd period - Tyler Seguin wins face-off versus Jonathan Miller in REGINA FALCONS zone.
11:21 of 3rd period - Mike Hoffman is hit by Ivan Provorov.
12:10 of 3rd period - Minor Penalty to Slater Koekkoek for Hooking.
12:11 of 3rd period - Ryan Getzlaf wins face-off versus Morgan Geekie in SEATTLE GRUNGE zone.
12:21 of 3rd period - Icing by Brandon Carlo.
12:22 of 3rd period - Ryan Getzlaf wins face-off versus Morgan Geekie in REGINA FALCONS zone.
12:22 of 3rd period - Ryan Getzlaf is hit by Morgan Geekie.
12:53 of 3rd period - Off-side.
12:54 of 3rd period - Jason Spezza wins face-off versus Jonathan Miller in neutral zone.
14:20 of 3rd period - Off-side.
14:21 of 3rd period - Chris Tierney wins face-off versus Mikael Backlund in neutral zone.
14:35 of 3rd period - Shot by Josh Bailey.
14:35 of 3rd period - Shot Misses the Net.
14:55 of 3rd period - Shot by Josh Bailey.
14:55 of 3rd period - Stopped by Tristan Jarry with a rebound.
14:57 of 3rd period - Shot by Josh Bailey.
14:57 of 3rd period - Stopped by Tristan Jarry with a rebound.
15:08 of 3rd period - Minor Penalty to Matt Martin for Hooking.
15:09 of 3rd period - Ryan Getzlaf wins face-off versus Tyler Seguin in REGINA FALCONS zone.
15:45 of 3rd period - Shot by Vladislav Namestnikov.
15:45 of 3rd period - Shot Misses the Net.
15:47 of 3rd period - Shot by David Savard.
15:47 of 3rd period - Stopped by Tristan Jarry without a rebound.
15:48 of 3rd period - Chris Tierney wins face-off versus Denis Malgin in REGINA FALCONS zone.
16:00 of 3rd period - Shot by Vladislav Namestnikov.
16:00 of 3rd period - Deflect By Chris Tierney.
16:00 of 3rd period - Shot Misses the Net.
16:02 of 3rd period - Shot by Damon Severson.
16:02 of 3rd period - Stopped by Tristan Jarry without a rebound.
16:03 of 3rd period - Tyler Seguin wins face-off versus Denis Malgin in REGINA FALCONS zone.
16:37 of 3rd period - Shot by Mike Hoffman.
16:37 of 3rd period - Shot Misses the Net.
16:39 of 3rd period - Shot by Josh Bailey.
16:39 of 3rd period - Stopped by Tristan Jarry without a rebound.
16:40 of 3rd period - Chris Tierney wins face-off versus Denis Malgin in REGINA FALCONS zone.
17:01 of 3rd period - Shot by Wayne Simmonds.
17:01 of 3rd period - Deflect By Chris Tierney.
17:01 of 3rd period - Stopped by Tristan Jarry with a rebound.
17:03 of 3rd period - Shot by Chris Tierney.
17:03 of 3rd period - Deflect By Vladislav Namestnikov.
17:03 of 3rd period - Shot Misses the Net.
17:05 of 3rd period - Shot by Roman Josi.
17:05 of 3rd period - Stopped by Tristan Jarry without a rebound.
17:06 of 3rd period - Ryan Getzlaf wins face-off versus Tyler Seguin in REGINA FALCONS zone.
17:12 of 3rd period - Icing by Matthew Grzelcyk.
17:13 of 3rd period - Jonathan Miller wins face-off versus Morgan Geekie in SEATTLE GRUNGE zone.
17:21 of 3rd period - Shot by Jonathan Miller.
17:21 of 3rd period - Shot Misses the Net.
17:43 of 3rd period - Shot by Jonathan Miller.
17:43 of 3rd period - Shot Blocked by Matthew Grzelcyk.
18:01 of 3rd period - Shot by Jonathan Miller.
18:01 of 3rd period - Shot Misses the Net.
18:37 of 3rd period - Shot by Ryan Getzlaf.
18:37 of 3rd period - Shot Misses the Net.
19:26 of 3rd period - Shot by Corey Perry.
19:26 of 3rd period - Stopped by Semyon Varlamov without a rebound.
19:27 of 3rd period - Tyler Seguin wins face-off versus Jonathan Miller in SEATTLE GRUNGE zone.
19:38 of 3rd period - Minor Penalty to David Savard for Tripping.
19:39 of 3rd period - Max Pacioretty wins face-off versus Jason Spezza in SEATTLE GRUNGE zone.
19:46 of 3rd period - Shot by David Pastrnak.
19:46 of 3rd period - Shot Misses the Net.
Goals for this period are 1 for SEATTLE GRUNGE vs 0 for REGINA FALCONS.
Shots for this period are 11 for SEATTLE GRUNGE vs 3 for REGINA FALCONS.

Overtime #1


0:01 of 1st overtime period - Jonathan Miller wins face-off versus Chris Tierney in neutral zone.
0:42 of 1st overtime period - Shot by Max Pacioretty.
0:42 of 1st overtime period - Stopped by Semyon Varlamov without a rebound.
0:43 of 1st overtime period - Ryan Getzlaf wins face-off versus Morgan Geekie in SEATTLE GRUNGE zone.
1:26 of 1st overtime period - Shot by David Pastrnak.
1:26 of 1st overtime period - Shot Misses the Net.
1:28 of 1st overtime period - Shot by Ryan Getzlaf.
1:28 of 1st overtime period - Shot Hit the Post.
1:30 of 1st overtime period - Shot by Ryan Getzlaf.
1:30 of 1st overtime period - Shot Misses the Net.
1:54 of 1st overtime period - Shot by Max Pacioretty.
1:54 of 1st overtime period - Shot Misses the Net.
1:56 of 1st overtime period - Shot by Brent Burns.
1:56 of 1st overtime period - Goal by Brent Burns - SEATTLE GRUNGE : 2 - REGINA FALCONS : 3.
Goals for this period are 0 for SEATTLE GRUNGE vs 1 for REGINA FALCONS.
Shots for this period are 0 for SEATTLE GRUNGE vs 2 for REGINA FALCONS.


NATHAN
MACKINNON
PHILLIP
DANAULT
CONNOR
MCDAVID

EAST COAST

HOCKEY LEAGUE

  • 25.QUE4CHI5
  • 26.CHA2LIM3
  • 27.TRV2LON3
  • 28.CHW4BAL2
  • 29.PITMAN
  • 30.ATLNHW
  • 31.WORPET
  • 32.RHI